AoeStats
← dashuaibi

MegaRandom

507956375Analyzed
4v4 RM · 13d ago on Sep 20, 2026· 16m 6s· 8 players
Game mode
Random Map
Map size
Large (8 player)
Population
200
Speed
Normal
Resources
Standard
Victory
Conquest
Starting age
Dark Age
Ending age
Imperial Age
RankedLock teamsTeams togetherTeam positionsShared explorationLock speedFull tech treeHidden civsTurbo modeCheats
Victory
Defeat
🇹🇷 Ethiopians · Türkiye
1502
+11
🇹🇷 Franks · Türkiye
1470
+12
🇹🇷 Huns · Türkiye
1395
+15
🇨🇳 Persians · China
1343
+18
🇨🇳 Bengalis · China
1415
-15
1408
-15
🇨🇳 Saracens · China
1368
-13
🇨🇳 Persians · China
1352
-13
dashuaibi
11:00 Feudal Age
10:18 Loom
15:28 Castle Age
多么痛的领悟
10:38 Feudal Age
14:42 Castle Age
15:41 Loom
15:47 Fletching
姬七兮
4:37 Loom
11:46 Feudal Age
13:58 Double-Bit Axe
15:21 Fishing Lines
Ares_Hong Bang- Trieu Dynasty
6:28 Loom
9:06 Feudal Age
其色孤白
10:15 Feudal Age
9:44 Loom
14:07 Castle Age
12:12 Horse Collar
12:36 Double-Bit Axe
14:47 Forging
14:39 Fletching
15:50 Bow Saw
Yokolucu
1:02 Loom
10:27 Feudal Age
11:42 Double-Bit Axe
wifi
6:52 Loom
9:35 Feudal Age
10:06 Double-Bit Axe
15:08 Forging
16:27 Wheelbarrow
GPA_PisagorAmca
1:05 Loom
11:11 Feudal Age
16:17 Castle Age
15:00 Double-Bit Axe
Connection lost

Rejoining the realm…

Still unreachable

The connection could not be restored.

Session expired

The server has moved on; the page needs a fresh start.